[Event "Eurasia Open Cup 2018"]
[Site "Jekaterienburg"]
[Date "2018.08.02"]
[Round "2"]
[White "Kryakvin, Dmitry"]
[Black "Nesterov, Arseniy"]
[Result "1-0"]
[ECO "E01"]
[WhiteElo "2591"]
[BlackElo "2355"]
[Annotator "ChessBase"]
[PlyCount "89"]
[EventDate "2018.08.01"]
[EventType "swiss"]
[EventCountry "RUS"]
[SourceTitle "playchess.com"]
[Source "ChessBase"]
[SourceQuality "1"]
[TimeControl "5400+30"]

1. d4 Nf6 2. c4 e6 3. g3 c5 4. Nf3 cxd4 5. Nxd4 d5 6. Bg2 e5 7. Nf3 d4 8. O-O Nc6 9. e3 Be7 10. exd4 exd4 11. Bf4 O-O 12. Ne5 Qb6 13. Qb3 Na5 14. Qxb6 axb6 15. Nd2 Nh5 16. Nb3 Nxf4 17. gxf4 Bf6 18. Bd5 Bh3 19. Rfe1 Nxb3 20. axb3 Rxa1 21. Rxa1 g5 22. Re1 gxf4 23. Nd3 Bf5 24. Be4 Bxe4 25. Rxe4 f3 26. Rf4 Ra8 27. Rxf3 Ra1+ 28. Kg2 Bg7 29. Kg3 Rd1 30. Kf4 Kf8 31. Ke4 Rd2 32. Kd5 Ke7 33. b4 Rc2 34. Rg3 Bf6 35. Rh3 Rd2 36. c5 b5 37. c6 bxc6+ 38. Kxc6 Bh4 39. Rf3 Ke6 40. Nc5+ Ke5 41. Nd3+ Ke6 42. Kc5 f5 43. Kxd4 Rc2 44. Re3+ Kf6 45. Rh3 1-0

[Event "Eurasia Open Cup 2018"]
[Site "Jekaterienburg"]
[Date "2018.08.02"]
[Round "2"]
[White "Rudometov, Maxim"]
[Black "Tsydypov, Zhamsaran"]
[Result "1/2-1/2"]
[ECO "A29"]
[WhiteElo "2279"]
[BlackElo "2514"]
[Annotator "RC"]
[PlyCount "83"]
[EventDate "2018.08.01"]
[EventType "swiss"]
[EventCountry "RUS"]
[SourceTitle "playchess.com"]
[Source "ChessBase"]
[SourceQuality "1"]
[TimeControl "5400+30"]

1. c4 e5 2. g3 Nf6 3. Bg2 d5 4. cxd5 Nxd5 5. Nc3 Nb6 6. Nf3 Nc6 7. O-O Be7 8. d3 O-O 9. Be3 Be6 10. Rc1 f6 11. Ne4 Bf7 12. Bc5 Nd5 13. Qa4 Qe8 14. Bxe7 Ndxe7 15. Rfd1 Nf5 16. e3 Nd6 17. Nfd2 a5 18. Nxd6 cxd6 19. Nc4 Qe7 20. Nb6 Rab8 21. Qb5 Be8 22. Nd5 Qd8 23. Qb6 Rf7 24. a3 f5 25. f4 g6 26. Kf2 Kg7 27. Rc3 Bd7 28. Qxd8 Rxd8 29. Nb6 Be8 30. d4 e4 31. Bf1 d5 32. Rc5 Ne7 33. Rxa5 Rf6 34. Na4 Bxa4 35. Rxa4 Rc8 36. Rb4 Rc2+ 37. Be2 b6 38. Ke1 Rfc6 39. Rd2 Rc1+ 40. Rd1 R1c2 41. Rd2 Rc1+ 42. Rd1 1/2-1/2